 Dungeon Crawl Stone Soup version 0.17-a0-2127-g1cb09f6 (webtiles) character file.

1652 youngkai the Cleaver (level 8, -5/71 HPs)
             Began as a Minotaur Berserker on Oct 22, 2015.
             Was an Elder of Trog.
             Slain by Pikel
             ... wielding a +2 whip of electrocution
              (17 damage)
             ... on level 6 of the Dungeon.
             The game lasted 00:13:20 (4716 turns).

youngkai the Cleaver (Minotaur Berserker)           Turns: 4716, Time: 00:13:21

Health: -5/71      AC: 15    Str: 22    XL:     8   Next: 68%
Magic:  7/7        EV:  8    Int:  5    God:    Trog [****..]
Gold:   402        SH:  0    Dex: 11    Spells: 0 memorised, 7 levels left

rFire  + . .     SeeInvis .     s - +0 war axe
rCold  + . .     Clarity  .     e - +1 plate armour {rC+}
rNeg   . . .     SustAt   .     (no shield)
rPois  .         Gourm    .     (helmet restricted)
rElec  .         Spirit   .     q - +0 cloak
rCorr  .         Warding  .     (no gloves)
rMut   .         Stasis   .     (no boots)
MR     .....                    (no amulet)
Stlth  ..........               (no ring)
                                E - ring of protection from fire

@: not resistant to hostile enchantments, extremely unstealthy
A: retaliatory headbutt, horns 2
a: Berserk, Trog's Hand, Brothers in Arms, Burn Spellbooks, Renounce Religion


You were on level 6 of the Dungeon.
You worshipped Trog.
Trog was greatly pleased with you.
You were not hungry.

You visited 1 branch of the dungeon, and saw 6 of its levels.

You collected 402 gold pieces.

Inventory:

Hand Weapons
 s - a +0 war axe (weapon)
 y - a +0 hand crossbow
Missiles
 v - 12 bolts of penetration
 L - 22 bolts
Armour
 e - a +1 plate armour of cold resistance (worn)
 q - a +0 cloak (worn)
 r - a +0 plate armour
Jewellery
 E - a ring of protection from fire (left hand)
Wands
 a - a wand of hasting (6)
 w - a wand of flame (5)
 F - a wand of slowing (19)
 H - a wand of disintegration (11)
Scrolls
 d - 6 scrolls of identify
 h - a scroll of noise {unknown}
 i - 2 scrolls of blinking
 j - 2 scrolls of enchant weapon {unknown}
 m - 2 scrolls of amnesia {unknown}
 n - a scroll of fear {unknown}
 A - 2 scrolls of teleportation {unknown}
 B - 2 scrolls of remove curse
 C - 3 scrolls of magic mapping {unknown}
 I - a scroll of silence {unknown}
Potions
 b - a potion of heal wounds {unknown}
 g - 3 potions of cure mutation {unknown}
 k - a potion of resistance {unknown}
 l - 2 potions of brilliance {unknown}
 p - 2 potions of curing
 t - 2 potions of lignification {unknown}
 u - 3 potions of magic
 x - 2 potions of might {unknown}
 z - 2 potions of haste {unknown}
 D - 3 potions of cancellation {unknown}
 J - a potion of degeneration {unknown}
 K - a potion of berserk rage {unknown}
Comestibles
 c - 4 bread rations
 f - 2 beef jerkies
 o - 6 meat rations
 G - 3 fruits


   Skills:
 + Level 6.6 Fighting
 * Level 9.4 Axes
 + Level 6.2 Armour
 + Level 5.7 Dodging


You had 7 spell levels left.
You didn't know any spells.

Dungeon Overview and Level Annotations

Branches:
Dungeon (6/15)             Temple (0/1) D:4

Altars:
Ashenzari
Elyvilon
Gozag
Kikubaaqudgha
Makhleb
Ru
Trog
Zin

Shops:
D:4 [

Annotations:
D:6 Pikel


Innate Abilities, Weirdness & Mutations

You reflexively headbutt those who attack you in melee.
You have a pair of horns on your head.


Message History

* * * LOW HITPOINT WARNING * * *
Unknown command.
You are too injured to fight recklessly!
You are too injured to fight recklessly!
Unknown command.
You are too injured to fight recklessly!
You hit Pikel. You headbutt Pikel.
Pikel is almost dead.
Pikel hits you with a whip of electrocution.
* * * LOW HITPOINT WARNING * * *
You closely miss Pikel.
Pikel is almost dead.
Pikel hits you but does no damage.
You hit Pikel but do no damage. Your headbutt misses Pikel.
Pikel is almost dead.
Pikel hits you but does no damage.
You are electrocuted!
* * * LOW HITPOINT WARNING * * *
Drink which item? (? for menu, Esc to quit)
You feel better. Pikel hits you but does no damage.
You are electrocuted!
You die...

#......<' #.......#
#........ #........
########. #### #. ...>.
#. ####p..... #.
#.@Kop.... #.
#.##p..... #.
#.#################
#.##..............
#######'##.#####....###
.........#.#..#.....+
.........#.#..#.....#
.........#.#..#.....#
.........#.#..#.######


You could see Pikel, 3 slaves and an orc.

Vanquished Creatures
  A sky beast (D:5)
  A slave (D:6)
  A phantom (D:4)
  2 orc warriors (D:6)
  An ogre (D:6)
  A big kobold (D:4)
  2 giant frogs (D:6)
  4 scorpions
  A crimson imp (D:6)
  A giant frog zombie (D:5)
  Crazy Yiuf (D:3)
  2 orc priests
  4 hounds
  Terence (D:2)
  2 iguanas
  3 orc wizards
  5 worker ants
  A hound skeleton (D:6)
  3 gnolls (D:6)
  Robin (D:2)
  8 adders
  3 worms
  10 orcs
  10 goblins
  9 hobgoblins
  5 jackals
  7 kobolds
  3 ball pythons
  A ball python skeleton (D:4)
  11 bats
  5 giant cockroaches
  4 giant geckos
  A giant gecko zombie (D:5)
  4 giant newts
  A jackal zombie (D:5)
  3 quokkas
  5 rats
128 creatures vanquished.

Vanquished Creatures (others)
  An orc wizard (D:5)
1 creature vanquished.

Grand Total: 129 creatures vanquished

Notes
Turn   | Place    | Note
--------------------------------------------------------------
     0 | D:1      | youngkai the Minotaur Berserker began the quest for the Orb.
     0 | D:1      | Reached XP level 1. HP: 19/19 MP: 0/0
   483 | D:1      | Reached XP level 2. HP: 25/27 MP: 1/1
   765 | D:2      | Noticed Terence
   778 | D:2      | Killed Terence
   778 | D:2      | Reached skill level 4 in Axes
   778 | D:2      | Reached XP level 3. HP: 31/33 MP: 2/2
   853 | D:2      | Reached ** piety under Trog
   857 | D:2      | Noticed Robin
   866 | D:2      | Killed Robin
   866 | D:2      | Reached XP level 4. HP: 38/40 MP: 3/3
  1041 | D:2      | Reached skill level 5 in Axes
  1324 | D:2      | Reached *** piety under Trog
  1413 | D:3      | Found an ancient bone altar of Kikubaaqudgha.
  1458 | D:3      | Reached XP level 5. HP: 42/46 MP: 4/4
  1541 | D:3      | Found a shattered altar of Ashenzari.
  1948 | D:3      | Noticed Crazy Yiuf
  1954 | D:3      | Killed Crazy Yiuf
  2374 | D:4      | Found a sacrificial altar of Ru.
  2384 | D:4      | Found a white marble altar of Elyvilon.
  2496 | D:4      | Found Guxtow's Armour Shoppe.
  2506 | D:4      | Reached skill level 6 in Axes
  2506 | D:4      | Reached XP level 6. HP: 47/53 MP: 5/5
  2570 | D:4      | Found a staircase to the Ecumenical Temple.
  2592 | D:4      | Found a burning altar of Makhleb.
  2641 | D:4      | Noticed a phantom
  2665 | D:4      | Killed a phantom
  2665 | D:4      | Reached skill level 5 in Fighting
  2736 | D:4      | Reached skill level 7 in Axes
  2736 | D:4      | Reached XP level 7. HP: 58/61 MP: 6/6
  2887 | D:5      | Entered Level 5 of the Dungeon
  3510 | D:5      | Found an opulent altar of Gozag.
  3549 | D:5      | Reached skill level 8 in Axes
  3549 | D:5      | Reached skill level 5 in Armour
  3747 | D:5      | Found a bloodstained altar of Trog.
  3760 | D:5      | Found a glowing silver altar of Zin.
  3968 | D:6      | Reached **** piety under Trog
  4039 | D:6      | Reached skill level 5 in Dodging
  4039 | D:6      | Reached XP level 8. HP: 70/70 MP: 7/7
  4156 | D:6      | Reached skill level 9 in Axes
  4679 | D:6      | Noticed Pikel
  4715 | D:6      | HP: 3/71 [Pikel/whip of electrocution (9)]
  4716 | D:6      | Slain by Pikel

Vault maps used:
D:1:      dpeg_arrival_pond, minmay_misc_feat_secret_circle,
          minmay_misc_feat_more_columns
D:2:      minmay_tree_intersection, fountainhead, guppyfry_early_orc_mine,
          uniq_robin, uniq_terence
D:3:      kiku_gazebo_garden_becter, first_bread, kennysheep_another_room,
          grunt_ministairs_7, evilmike_ruin_ashenzari, uniq_crazy_yiuf_cottage
D:4:      makhleb_blood_cavern_becter, nicolae_overflow_hidden_temple,
          minmay_temple_entry_enclosed_plants, serial_shops,
          kennysheep_mini_moat, kennysheep_small_circle
D:5:      kennysheep_six_static_rooms, gammafunk_temple_overflow_forgotten,
          minivault_5
D:6:      uniq_pikel

Action                   |  1- 3 |  4- 6 |  7- 9 || total
-------------------------+-------+-------+-------++-------
Melee: Hand axe          |    15 |       |       ||    15
       War axe           |    42 |   150 |   170 ||   362
Invok: Trog's Hand       |       |     1 |       ||     1
       Berserk           |       |       |     1 ||     1
  Use: Scroll            |       |     6 |       ||     6
       Potion            |       |       |     1 ||     1
  Eat: Chunk             |       |     6 |     3 ||     9
       Bread ration      |       |       |     1 ||     1
